[Event "Titled Tuesday Blitz October 5 2021"]
[White "Quintiliano Pinto, Renato R."]
[Black "Aloma Vidal, Robert"]
[WhiteFideId "2117568"]
[BlackFideId "2260409"]
[WhiteElo "2439"]
[BlackElo "2435"]
[Result "1-0"]
[Round "11"]
[TimeControl "180+1"]
[Date "2021.10.05"]
[WhiteClock "0:00:03"]
[BlackClock "0:00:05"]

1. Nf3 d5 2. e3 Nf6 3. c4 c6 4. Nc3 e6 5. d4 Bd6 6. Qc2 Nbd7 7. b3 b6 8. Be2 Bb7 9. O-O O-O 10. Bb2 Rc8 11. Rad1 c5 12. cxd5 exd5 13. Qb1 a6 14. Bd3 c4 15. bxc4 dxc4 16. Bf5 g6 17. Bh3 b5 18. a3 Re8 19. Nd2 Qc7 20. g3 Rcd8 21. e4 Bf8 22. Rfe1 Qa5 23. Qc1 Qb6 24. e5 Nd5 25. Nde4 f5 26. exf6 N7xf6 27. Nxf6+ Qxf6 28. Ne4 Rxe4 29. Rxe4 c3 30. Ba1 a5 31. Rf1 b4 32. axb4 axb4 33. Qe1 b3 34. Be6+ Kh8 35. Bxd5 Bxd5 36. Rf4 Qxf4 37. gxf4 b2 38. Qxc3 bxa1=Q 39. Rxa1 Bg7 40. Qc7 Rf8 41. Rb1 Bxd4 42. Rb8 Rxb8 43. Qxb8+ Bg8 44. Kg2 Bf6 45. Qd6 Kg7 46. Kg3 Bf7 47. h4 h5 48. Qd7 Bc3 49. f5 gxf5 50. Qxf5 Bf6 51. Qd7 Be5+ 52. f4 Bf6 53. Kf3 Bxh4 54. Ke4 1-0


[Site "https://www.chess.com"]

[Event "Titled Tuesday Blitz October 5 2021"]
[White "Rasulov, Vugar"]
[Black "Oparin, Grigoriy"]
[WhiteFideId "13402390"]
[BlackFideId "24125890"]
[WhiteElo "2843"]
[BlackElo "2946"]
[Result "1/2-1/2"]
[Round "11"]
[TimeControl "180+1"]
[Date "2021.10.05"]
[WhiteClock "0:00:05"]
[BlackClock "0:00:18"]

1. d4 Nf6 2. c4 e6 3. Nf3 Bb4+ 4. Nc3 O-O 5. Bg5 h6 6. Bh4 d5 7. e3 c5 8. cxd5 exd5 9. Bd3 Nc6 10. dxc5 d4 11. exd4 Re8+ 12. Be2 g5 13. Bg3 Ne4 14. Rc1 Qa5 15. O-O Bxc3 16. bxc3 Nxc3 17. Rxc3 Qxc3 18. d5 Nb4 19. h4 Bg4 20. hxg5 Qxc5 21. d6 hxg5 22. Qd2 a5 23. Rc1 Qd5 24. Qxd5 Nxd5 25. Bb5 Rec8 26. Re1 Nc3 27. Bd3 Re8 28. Be5 Bxf3 29. gxf3 Nd5 30. Bb5 Re6 31. Bc4 Rae8 32. d7 Rd8 33. Bxd5 Re7 34. Re3 Rdxd7 35. Bb3 b5 36. a3 a4 37. Bc2 Rd5 38. f4 gxf4 39. Bxf4 Rxe3 40. Bxe3 b4 41. axb4 a3 42. Bb3 Rd3 43. Bc4 Rd1+ 44. Kg2 Rb1 45. b5 Rb4 46. Ba2 Rxb5 47. Bd4 Rb4 48. Be5 Rb5 49. Bd4 Rb4 50. Bf6 Rb6 51. Bd4 Rd6 52. Bc3 Rd3 53. Bb4 Rd4 54. Be7 Rd2 55. Bc4 a2 56. Bf6 Rc2 57. Bb3 Rd2 58. Be5 Re2 59. Bd4 Rd2 60. Bf6 Re2 61. Kf3 Rd2 62. Ke3 Rd6 63. Ba1 Rb6 64. Bxa2 Ra6 65. Bxf7+ Kxf7 66. Bd4 Ke6 67. Kf3 Kf5 68. Be3 Ra3 69. Kg3 Ke4 70. Kg2 Ra8 71. Kg3 Rg8+ 72. Kh4 Kf5 73. Kh3 Rg4 74. Kh2 Ke4 75. Kh3 Kf3 76. Kh2 Rh4+ 77. Kg1 Rh3 78. Bd4 Rh7 79. Be3 Rh5 80. Bd4 Rh3 81. Be3 Rh4 82. Bc5 Rg4+ 83. Kh2 Rg2+ 84. Kh1 Rg5 85. Be3 Rh5+ 86. Kg1 Rb5 87. Kh2 Rb7 88. Kg1 Rh7 89. Bd4 Rh6 90. Be3 Rg6+ 91. Kh2 Rg4 92. Kh3 Re4 93. Kh2 Ra4 94. Kh3 Rb4 95. Kh2 Rb7 96. Kg1 Rg7+ 97. Kf1 Rg6 98. Ke1 Rd6 99. Bd2 Ke4 100. Be3 Kd3 101. Kf1 Rg6 102. Bf4 Rg4 103. Bg3 Ke4 104. Kg2 Rg6 105. Kf1 Kf5 106. Ke2 1/2-1/2


[Site "https://www.chess.com"]

[Event "Titled Tuesday Blitz October 5 2021"]
[White "Redzisz, Michal"]
[Black "Navalgund, Niranjan"]
[WhiteFideId "21816107"]
[BlackFideId "5030854"]
[WhiteElo "1941"]
[BlackElo "2290"]
[Result "1-0"]
[Round "11"]
[TimeControl "180+1"]
[Date "2021.10.05"]
[WhiteClock "0:00:09"]
[BlackClock "0:00:17"]

1. c4 d5 2. cxd5 c6 3. dxc6 e5 4. Nf3 e4 5. Qa4 Nxc6 6. Qxe4+ Be7 7. Nc3 Nf6 8. Qc2 O-O 9. e3 Bg4 10. Be2 Rc8 11. O-O Ne5 12. Nxe5 Bxe2 13. Re1 Ba6 14. d4 Nd5 15. Bd2 f6 16. Qb3 fxe5 17. Qxd5+ Kh8 18. Qxd8 Rfxd8 19. d5 e4 20. Nxe4 Rxd5 21. Bc3 Bd3 22. Ng3 Bg6 23. Red1 Rcd8 24. Rxd5 Rxd5 25. Kf1 h5 26. Ne2 Bf7 27. Ke1 Kh7 28. Rd1 Rxd1+ 29. Kxd1 Bxa2 30. Kc2 Bc4 31. Nf4 h4 32. Bd4 b6 33. Kc3 Bf7 34. e4 g5 35. Nd5 Bd8 36. Ne3 Kg6 37. g3 Bc7 38. Nd5 Bd8 39. f4 gxf4 40. gxf4 Bxd5 41. exd5 Kf5 42. Be5 b5 43. Kd4 Bb6+ 44. Kd3 Bc5 45. Kc3 h3 46. b4 Bg1 47. d6 Ke6 48. Kd3 Bxh2 49. f5+ Kxf5 50. Bxh2 Ke6 51. Kd4 a6 52. Kc5 Kd7 53. Kb6 a5 54. Kxa5 Kc6 55. Ka6 Kd7 56. Kxb5 Kc8 57. Kc5 Kb7 58. d7 Ka6 59. d8=Q Kb7 60. Qb8+ Ka6 61. Qb6# 1-0


[Site "https://www.chess.com"]

[Event "Titled Tuesday Blitz October 5 2021"]
[White "Reprintsev, Alexander"]
[Black "Petrova, Irina"]
[WhiteFideId "14100541"]
[BlackFideId "14124122"]
[WhiteElo "2126"]
[BlackElo "2042"]
[Result "0-1"]
[Round "11"]
[TimeControl "180+1"]
[Date "2021.10.05"]
[WhiteClock "0:00:05"]
[BlackClock "0:00:15"]

1. e4 d6 2. d4 Nf6 3. Nc3 e5 4. dxe5 dxe5 5. Qxd8+ Kxd8 6. Bc4 Be6 7. Bxe6 fxe6 8. h4 Nbd7 9. h5 h6 10. Rh4 Bb4 11. Bd2 Ke7 12. a3 Bc5 13. Nge2 c6 14. b4 Bb6 15. Na4 Bd4 16. c3 Bb6 17. c4 Bd4 18. Bc3 b5 19. Nb2 Bxc3+ 20. Nxc3 a5 21. Rc1 axb4 22. axb4 bxc4 23. Nxc4 Rhb8 24. Na5 Ra6 25. Nd1 c5 26. Ne3 Rxb4 27. Nac4 Ra2 28. f3 Ne8 29. Rg4 Kf6 30. Rd1 Ra7 31. Rg6+ Kf7 32. Rxd7+ Rxd7 33. Nxe5+ Ke7 34. Nxd7 Kxd7 35. e5 c4 36. Kd2 Ra4 37. Kc3 Ke7 38. Nxc4 Kf7 0-1


[Site "https://www.chess.com"]

[Event "Titled Tuesday Blitz October 5 2021"]
[White "Roman, Rodrigo"]
[Black "Kaufman, Raymond"]
[WhiteFideId "3701220"]
[BlackFideId "2015056"]
[WhiteElo "2036"]
[BlackElo "2321"]
[Result "1-0"]
[Round "11"]
[TimeControl "180+1"]
[Date "2021.10.05"]
[WhiteClock "0:00:17"]
[BlackClock "0:00:02"]

1. Nf3 c5 2. g3 Nc6 3. Bg2 g6 4. O-O Bg7 5. c3 d6 6. d4 Qc7 7. d5 Ne5 8. e4 Nxf3+ 9. Qxf3 Nf6 10. a4 O-O 11. h3 e6 12. Bg5 Nd7 13. Na3 Ne5 14. Qe2 exd5 15. exd5 Bf5 16. f4 Bd3 17. Qe3 Bxf1 18. Rxf1 Nd7 19. Nb5 Qb6 20. Qe7 c4+ 21. Kh1 Nc5 22. Nxd6 Nd3 23. f5 Qxb2 24. f6 Bh8 25. Bh6 Qxc3 26. Bxf8 Rxf8 27. Ne4 Qd4 28. d6 c3 29. d7 c2 30. Nd6 Bxf6 31. Rxf6 c1=Q+ 32. Rf1 Nf2+ 33. Kh2 Qcd2 34. Qxf8+ Kxf8 35. d8=Q+ Kg7 36. Ne8+ Kh6 37. Qe7 f5 38. Qf8+ Kg5 39. Qe7+ Kh6 40. Nf6 1-0


[Site "https://www.chess.com"]

[Event "Titled Tuesday Blitz October 5 2021"]
[White "Royal, Shreyas"]
[Black "Piesik, Piotr"]
[WhiteFideId "448869"]
[BlackFideId "1136194"]
[WhiteElo "1931"]
[BlackElo "2336"]
[Result "0-1"]
[Round "11"]
[TimeControl "180+1"]
[Date "2021.10.05"]
[WhiteClock "0:01:01"]
[BlackClock "0:01:16"]

1. d4 c5 2. d5 e5 3. c4 d6 4. Nc3 Be7 5. e4 Bg5 6. Nf3 Bxc1 7. Qxc1 Ne7 8. h4 O-O 9. h5 h6 10. Rg1 Bg4 11. Rh1 f5 12. Be2 Nd7 13. Qc2 Nf6 14. O-O-O Nxh5 15. Nxe5 Bxe2 16. Nxe2 Nf6 17. Nd3 Nxe4 18. f3 Ng5 19. Nef4 Qd7 20. Rde1 Rae8 21. Rh5 Nc8 22. Reh1 Qf7 23. Qd2 Nb6 24. b3 Nd7 25. Qf2 Ne5 26. Qh4 Ng6 27. Qh2 Nxf4 28. Nxf4 Qf6 29. Kb1 Re3 30. Rxg5 Qxg5 31. Ne6 Qe7 32. Nxf8 Qxf8 33. Qf4 Re5 34. Rh5 Qf6 35. Rh1 g5 36. Qd2 Kg7 37. Qa5 Re2 38. Kc1 Qa1# 0-1


[Site "https://www.chess.com"]

[Event "Titled Tuesday Blitz October 5 2021"]
[White "Sadovsky, Artem"]
[Black "Kamsky, Gata"]
[WhiteFideId "4155840"]
[BlackFideId "2000024"]
[WhiteElo "2370"]
[BlackElo "2603"]
[Result "1/2-1/2"]
[Round "11"]
[TimeControl "180+1"]
[Date "2021.10.05"]
[WhiteClock "0:00:48"]
[BlackClock "0:01:06"]

1. f4 e5 2. fxe5 d6 3. exd6 Bxd6 4. Nf3 Nf6 5. d3 O-O 6. e4 Ng4 7. Be2 f5 8. e5 Nxe5 9. Nxe5 Bxe5 10. O-O c5 11. g3 Nc6 12. Nc3 Nd4 13. Bf4 Bxf4 14. Rxf4 Be6 15. Qd2 Qd6 16. Raf1 Rae8 17. R4f2 b6 18. Bd1 Bd7 19. Qf4 Qxf4 20. Rxf4 Bc6 21. R4f2 g6 22. a3 a5 23. Ne2 Nxe2+ 24. Rxe2 Rxe2 25. Bxe2 Re8 26. Bf3 Bxf3 27. Rxf3 Kg7 28. Kf2 Kf6 29. a4 g5 30. Re3 Rxe3 31. Kxe3 Ke5 32. c3 Kd5 33. b3 h6 34. Kf3 Kc6 35. h4 b5 36. hxg5 hxg5 37. Ke3 bxa4 38. bxa4 Kd5 39. Kf3 Ke5 40. Ke3 Kd5 41. Kf3 Ke5 42. Ke3 Kd5 1/2-1/2


[Site "https://www.chess.com"]

[Event "Titled Tuesday Blitz October 5 2021"]
[White "Sadykov, Ramil"]
[Black "Jary, Sergey"]
[WhiteFideId "24113590"]
[BlackFideId "14110350"]
[WhiteElo "2300"]
[BlackElo "2260"]
[Result "0-1"]
[Round "11"]
[TimeControl "180+1"]
[Date "2021.10.05"]
[WhiteClock "0:00:02"]
[BlackClock "0:00:08"]

1. d4 Nf6 2. Nc3 g6 3. e4 d6 4. Be3 Bg7 5. Qd2 Nc6 6. f3 O-O 7. O-O-O e5 8. d5 Nd4 9. Nge2 Nxe2+ 10. Bxe2 Nh5 11. g4 Nf4 12. h4 Bf6 13. g5 Bg7 14. Bc4 h5 15. gxh6 Bxh6 16. h5 g5 17. Bxf4 gxf4 18. Rdg1+ Kh7 19. Bf1 Rg8 20. Qh2 Rg3 21. Qf2 Bd7 22. Kb1 Qg5 23. Ne2 Rg8 24. Nxg3 fxg3 25. Qe1 Qf4 26. Qd1 Rg5 27. Bh3 f5 28. Qe2 Kh8 29. a3 fxe4 30. fxe4 Bxh3 31. Rxh3 b5 32. Qg2 Qf2 33. Rxg3 Qxg2 34. R1xg2 Rxh5 35. Rg8+ Kh7 36. Rc8 Bf4 37. Rxc7+ Kh6 38. Rd7 Rh1+ 39. Ka2 Re1 40. Rxd6+ Kh5 41. Rd7 Kh6 42. Rd6+ Kh5 43. Rd8 Rd1 44. Rh8+ Bh6 45. Rh2+ Kg4 46. R8xh6 Kf4 47. R2h4+ Ke3 48. Kb3 a5 49. a4 bxa4+ 50. Kxa4 Ra1+ 51. Kb5 Ra2 52. d6 Rxb2+ 53. Kxa5 Rxc2 0-1


[Site "https://www.chess.com"]

[Event "Titled Tuesday Blitz October 5 2021"]
[White "Sagripanti, Michele"]
[Black "Paltrinieri, Nicholas"]
[WhiteFideId "847895"]
[BlackFideId "828262"]
[WhiteElo "2195"]
[BlackElo "2254"]
[Result "0-1"]
[Round "11"]
[TimeControl "180+1"]
[Date "2021.10.05"]
[WhiteClock "0:00:09"]
[BlackClock "0:00:12"]

1. e4 e6 2. d4 d5 3. exd5 exd5 4. Bd3 Nf6 5. Ne2 c5 6. dxc5 Bxc5 7. Nbc3 O-O 8. O-O h6 9. Bf4 Nc6 10. Qd2 Nb4 11. Rad1 Be6 12. a3 Nxd3 13. Qxd3 Rc8 14. Nd4 Bg4 15. f3 Bh5 16. Kh1 Bg6 17. Qd2 Re8 18. Rfe1 a6 19. Be5 Nd7 20. Bf4 Rxe1+ 21. Rxe1 Nb6 22. Nb3 Be7 23. Rd1 Nc4 24. Qc1 Bf6 25. Nxd5 Bxb2 26. Qb1 Qf8 27. Nd2 Nxd2 28. Qxb2 Rxc2 29. Qe5 Nc4 30. Ne7+ Kh7 31. Qc7 Nxa3 32. Qe5 Nc4 33. Qc7 Ne3 34. Nxg6 fxg6 35. Qd6 Qxd6 36. Rxd6 Rc1+ 0-1


[Site "https://www.chess.com"]

[Event "Titled Tuesday Blitz October 5 2021"]
[White "Salinas Herrera, Pablo"]
[Black "Alvarez Calzadilla, Jose Avelino"]
[WhiteFideId "3407128"]
[BlackFideId "3526151"]
[WhiteElo "2541"]
[BlackElo "2525"]
[Result "1-0"]
[Round "11"]
[TimeControl "180+1"]
[Date "2021.10.05"]
[WhiteClock "0:01:01"]
[BlackClock "0:00:26"]

1. d4 Nf6 2. Nf3 g6 3. Bf4 Bg7 4. e3 O-O 5. h3 d5 6. Nbd2 c5 7. dxc5 Nc6 8. a3 a5 9. c3 Nd7 10. Bb5 Nxc5 11. O-O e5 12. Bh2 e4 13. Nd4 Ne5 14. b4 Ncd3 15. Qb3 Qg5 16. Kh1 Rd8 17. f4 exf3 18. N2xf3 Nxf3 19. Nxf3 Qxe3 20. Bg1 Qe4 21. Ng5 Qe2 22. Nxf7 Rf8 23. Qxd5 Be6 24. Qxd3 Qxd3 25. Bxd3 axb4 26. Ng5 Rxf1 27. Rxf1 bxa3 28. Nxe6 a2 29. Nxg7 a1=Q 30. Rxa1 Rxa1 31. Ne6 Rc1 32. c4 Rc3 33. Be2 Re3 34. Bxe3 1-0


[Site "https://www.chess.com"]

[Event "Titled Tuesday Blitz October 5 2021"]
[White "Sanchez, Robert"]
[Black "Balabayeva, Xeniya"]
[WhiteFideId "2034360"]
[BlackFideId "13719688"]
[WhiteElo "2272"]
[BlackElo "1965"]
[Result "0-1"]
[Round "11"]
[TimeControl "180+1"]
[Date "2021.10.05"]
[WhiteClock "0:00:10"]
[BlackClock "0:01:03"]

1. e4 c6 2. d4 d5 3. Nc3 dxe4 4. Nxe4 Nf6 5. Ng5 h6 6. N5f3 Bf5 7. Bc4 e6 8. Ne5 Nbd7 9. Ngf3 Nxe5 10. Nxe5 Bd6 11. Qf3 Bxe5 12. dxe5 Qa5+ 13. Bd2 Qxe5+ 14. Be2 Qd5 15. Qa3 Qe5 16. Be3 Nd5 17. O-O-O Nxe3 18. fxe3 Qf6 19. Rhf1 Qe7 20. Qc3 O-O 21. g4 Bh7 22. Kb1 Rad8 23. Rg1 Rxd1+ 24. Bxd1 Rd8 25. g5 hxg5 26. h4 e5 27. hxg5 Qxg5 28. Qe1 Qf5 29. Qh4 Rxd1+ 30. Rxd1 Qxc2+ 0-1


[Site "https://www.chess.com"]

[Event "Titled Tuesday Blitz October 5 2021"]
[White "Seul, Georg"]
[Black "Mekhitarian, Krikor Sevag"]
[WhiteFideId "4601653"]
[BlackFideId "2107660"]
[WhiteElo "2332"]
[BlackElo "2598"]
[Result "0-1"]
[Round "11"]
[TimeControl "180+1"]
[Date "2021.10.05"]
[WhiteClock "0:00:34"]
[BlackClock "0:00:13"]

1. e4 c5 2. Nf3 e6 3. b3 a6 4. Bb2 Nc6 5. c4 Nf6 6. e5 Ng4 7. h3 Nh6 8. Bd3 d6 9. exd6 f6 10. Be4 Bxd6 11. Bxc6+ bxc6 12. O-O e5 13. Nc3 O-O 14. d3 Nf5 15. Ne4 Be7 16. Ba3 Qa5 17. Qc1 Rd8 18. Rd1 Be6 19. Rb1 Rd7 20. Nxc5 Bxc5 21. b4 Bxf2+ 22. Kxf2 Qb6+ 23. c5 Qb5 24. Qc3 Rad8 25. g4 Nd4 26. Ne1 h5 27. gxh5 Qb8 28. Bc1 e4 29. dxe4 Nb5 0-1


[Site "https://www.chess.com"]

[Event "Titled Tuesday Blitz October 5 2021"]
[White "Sharapov, Evgeny"]
[Black "Leitao, Rafael"]
[WhiteFideId "14103133"]
[BlackFideId "2101246"]
[WhiteElo "2367"]
[BlackElo "2609"]
[Result "1-0"]
[Round "11"]
[TimeControl "180+1"]
[Date "2021.10.05"]
[WhiteClock "0:01:06"]
[BlackClock "0:00:21"]

1. e4 e5 2. Nf3 Nc6 3. Nc3 Nf6 4. Bb5 Nd4 5. Bc4 Bc5 6. O-O d6 7. h3 O-O 8. Re1 c6 9. a4 Kh8 10. d3 d5 11. Ba2 dxe4 12. Nxe4 Nxe4 13. dxe4 Qe7 14. c3 Nxf3+ 15. Qxf3 f5 16. Be3 Bxe3 17. Qxe3 f4 18. Qf3 Be6 19. Bxe6 Qxe6 20. Rad1 Rad8 21. Rxd8 Rxd8 22. Rd1 Rd7 23. Rxd7 Qxd7 24. Qe2 g6 25. Qc4 b6 26. Kh2 Kg7 27. f3 g5 28. b4 h5 29. b5 c5 30. Qd5 Qxd5 31. exd5 c4 32. h4 g4 33. fxg4 hxg4 34. h5 e4 35. d6 e3 36. Kg1 g3 37. Kf1 1-0


[Site "https://www.chess.com"]

[Event "Titled Tuesday Blitz October 5 2021"]
[White "Shuvalov, Evgenij"]
[Black "Hirneise, Jens"]
[WhiteFideId "4187237"]
[BlackFideId "24614734"]
[WhiteElo "2129"]
[BlackElo "2323"]
[Result "0-1"]
[Round "11"]
[TimeControl "180+1"]
[Date "2021.10.05"]
[WhiteClock "0:00:13"]
[BlackClock "0:00:09"]

1. Nf3 Nc6 2. d4 d5 3. c4 e6 4. Nc3 a6 5. cxd5 exd5 6. Bg5 Be7 7. h4 Nf6 8. e3 O-O 9. Bd3 Re8 10. Rc1 Be6 11. a3 h6 12. Bb1 hxg5 13. hxg5 Ne4 14. Nxe4 dxe4 15. Bxe4 Bxg5 16. d5 Bh6 17. dxc6 Qxd1+ 18. Rxd1 b5 19. Bd5 Bf5 20. Nd4 Bg6 21. Ke2 Re5 22. Nf3 Re7 23. Rh4 Kf8 24. Rhd4 Rd8 25. Bb3 Rxd4 26. Rxd4 Re8 27. Rd7 Re7 28. Bd5 Bf5 29. Rxe7 Kxe7 30. Nd4 Bc8 31. f4 g6 32. Kf3 Bg7 33. b3 Bxd4 34. exd4 f5 35. Ke3 Kd6 36. Bf3 Be6 37. b4 Bd5 38. g4 Bxf3 39. Kxf3 Kxc6 40. gxf5 gxf5 41. Kg3 Kd5 42. Kh4 Ke4 43. Kg5 c6 44. Kf6 Kxf4 45. Ke6 Ke4 46. Kd6 Kxd4 47. Kxc6 f4 48. Kb6 f3 49. Kxa6 Kc4 50. a4 bxa4 51. b5 f2 52. b6 f1=Q 53. b7 Kc5+ 54. Ka7 Qb5 55. b8=Q Qxb8+ 56. Kxb8 a3 0-1


[Site "https://www.chess.com"]

[Event "Titled Tuesday Blitz October 5 2021"]
[White "Sinitsina, Anastassia"]
[Black "Nozdrachev, Leonid"]
[WhiteFideId "4504640"]
[BlackFideId "24113433"]
[WhiteElo "2161"]
[BlackElo "2124"]
[Result "1-0"]
[Round "11"]
[TimeControl "180+1"]
[Date "2021.10.05"]
[WhiteClock "0:00:02"]
[BlackClock "0:00:02"]

1. Nf3 d6 2. g3 Nf6 3. Bg2 g6 4. O-O Bg7 5. d4 O-O 6. Nbd2 Bf5 7. Re1 Ne4 8. Nh4 Nxd2 9. Nxf5 gxf5 10. Bxd2 c6 11. Be3 d5 12. Qd3 e6 13. c4 Nd7 14. Rac1 Nf6 15. Bg5 Qb6 16. b3 Ne4 17. Be3 a5 18. h4 a4 19. c5 Qb4 20. bxa4 Qxa4 21. Rb1 Qxa2 22. Rxb7 Ra3 23. Qb1 Qxb1 24. Rbxb1 Rfa8 25. Bxe4 fxe4 26. Rb6 R8a6 27. Reb1 f5 28. Rxa6 Rxa6 29. Rb6 Ra4 30. Rxc6 Bxd4 31. Bxd4 Rxd4 32. Rxe6 Rc4 33. c6 Kf7 34. Rd6 d4 35. h5 Ke7 36. Rd7+ Kf6 37. Rxh7 Kg5 38. c7 Kg4 39. Kg2 Rc2 40. h6 Kg5 41. Kh3 Kg6 42. Rd7 Kxh6 43. Kg2 Kg6 44. Rxd4 Rxc7 45. Rd6+ Kg5 46. f3 Rc2 47. Kf2 exf3 48. Kxf3 Rc3+ 49. e3 Rc1 50. Rd5 Rf1+ 51. Ke2 Ra1 52. e4 Ra2+ 53. Kf3 Ra3+ 54. Kg2 Kg4 55. Rxf5 Rxg3+ 56. Kf2 Ra3 57. Rf8 Kg5 58. Ke2 Kg6 59. e5 Kg7 60. Rf3 Ra5 61. Re3 Kf7 62. Kf3 Ke6 63. Kf4 Ra1 64. Re4 Rb1 65. Ke3 Rc1 66. Kd3 Rh1 67. Kd4 Rh2 68. Rf4 Rh3 69. Rf6+ Ke7 70. Kd5 Rd3+ 71. Ke4 Ra3 72. Rc6 Ra1 73. Kf5 Rf1+ 74. Ke4 Re1+ 75. Kf5 Rf1+ 76. Ke4 Kd7 77. Rd6+ Ke7 78. Ra6 Rc1 79. Kf5 Rf1+ 80. Ke4 Rh1 81. Kf5 Rh5+ 82. Kf4 Kd7 83. Ke4 Rh2 84. Kd5 Rd2+ 85. Ke4 Ke7 86. Ra7+ Ke6 87. Ra6+ Ke7 88. Ra7+ Ke8 89. Kf5 Rb2 90. Kf6 Rf2+ 91. Ke6 Kd8 92. Ra8+ Kc7 93. Ke7 Kb7 94. Ra3 Kc6 95. e6 Ra2 96. Rxa2 1-0


[Site "https://www.chess.com"]

[Event "Titled Tuesday Blitz October 5 2021"]
[White "Stoyanov, Tsvetan"]
[Black "Moroni, Luca Jr"]
[WhiteFideId "2917173"]
[BlackFideId "865834"]
[WhiteElo "2191"]
[BlackElo "2491"]
[Result "0-1"]
[Round "11"]
[TimeControl "180+1"]
[Date "2021.10.05"]
[WhiteClock "0:00:07"]
[BlackClock "0:01:35"]

1. e4 g6 2. Nf3 Bg7 3. d4 d6 4. Bd3 Nf6 5. O-O O-O 6. h3 e5 7. c3 exd4 8. cxd4 c5 9. dxc5 dxc5 10. Nc3 Nc6 11. e5 Nd7 12. e6 fxe6 13. Qe2 Nde5 14. Nxe5 Nxe5 15. Be4 Bd7 16. Be3 Qc7 17. Rad1 Rad8 18. Nb5 Bxb5 19. Qxb5 b6 20. Qb3 c4 21. Qb5 Nd3 22. Bxd3 cxd3 23. Rxd3 Rxd3 24. Qxd3 Bxb2 25. Qb3 Bg7 26. Qxe6+ Qf7 27. Qxf7+ Kxf7 28. Rc1 Re8 29. Kf1 Be5 30. Ke2 Ke6 31. Kd3 Kd5 32. g4 Bd6 33. Rc4 b5 34. Rd4+ Kc6 35. Re4 Rd8 36. Kc2 a5 37. f4 a4 38. h4 b4 39. Rc4+ Kb5 40. Rd4 Rc8+ 41. Kd3 Rc3+ 42. Ke4 Bc5 43. f5 gxf5+ 44. gxf5 Rxe3+ 45. Kxe3 b3 46. axb3 a3 0-1


[Site "https://www.chess.com"]

[Event "Titled Tuesday Blitz October 5 2021"]
[White "Svane, Rasmus"]
[Black "Seo, Jung Min"]
[WhiteFideId "4657101"]
[BlackFideId "1734687"]
[WhiteElo "2921"]
[BlackElo "2753"]
[Result "1-0"]
[Round "11"]
[TimeControl "180+1"]
[Date "2021.10.05"]
[WhiteClock "0:00:10"]
[BlackClock "0:00:04"]

1. Nf3 Nf6 2. g3 g6 3. Bg2 Bg7 4. O-O O-O 5. d4 d5 6. c4 c6 7. Qb3 a5 8. Rd1 a4 9. Qb4 Re8 10. Bf4 Nbd7 11. Qc3 Ne4 12. Qc1 Nb6 13. Na3 Be6 14. Qe3 Nd6 15. c5 Nf5 16. Qd2 Nd7 17. g4 Nxd4 18. Nxd4 Bxg4 19. h3 Bh5 20. Bh6 e5 21. Nf3 Nxc5 22. Bxg7 Kxg7 23. Rac1 Ne4 24. Qe1 Qb6 25. Nd2 Qxb2 26. Nac4 dxc4 27. Nxe4 Qxe2 28. Qxe2 Bxe2 29. Rd7 Rab8 30. Ng5 Kf6 31. h4 Re7 32. Nxh7+ Ke6 33. Rd2 Bd3 34. Ng5+ Kf6 35. Be4 Rd8 36. Rcd1 Red7 37. Bxd3 cxd3 38. Ne4+ Kf5 39. Nc5 Rd5 40. Rxd3 Rxd3 41. Rxd3 Rxd3 42. Nxd3 b5 43. Kf1 Ke4 44. Ke2 Kd4 45. Nb4 c5 46. Nc6+ Kd5 47. Nd8 f5 48. Nf7 Ke6 49. Ng5+ Kf6 50. Kd3 e4+ 51. Kc3 Ke5 52. Nf7+ Ke6 53. Ng5+ Kd5 54. Nf7 b4+ 55. Kc2 c4 56. Nh8 f4 57. Nxg6 e3 58. Nxf4+ Ke4 59. fxe3 Kxe3 60. h5 b3+ 61. axb3 cxb3+ 62. Kc3 1-0


[Site "https://www.chess.com"]

[Event "Titled Tuesday Blitz October 5 2021"]
[White "Swicarz, Maciej"]
[Black "Stribuk, Artiom"]
[WhiteFideId "1113585"]
[BlackFideId "13515659"]
[WhiteElo "2130"]
[BlackElo "2224"]
[Result "0-1"]
[Round "11"]
[TimeControl "180+1"]
[Date "2021.10.05"]
[WhiteClock "0:00:01"]
[BlackClock "0:00:14"]

1. c4 Nf6 2. Nc3 c5 3. Nf3 b6 4. d4 cxd4 5. Nxd4 Bb7 6. Bg5 e6 7. e4 d6 8. f3 Be7 9. Be3 Nbd7 10. Ndb5 Ne5 11. Bf4 O-O 12. Be2 a6 13. Nd4 Rc8 14. Qa4 Nxc4 15. Bxc4 e5 16. Nf5 exf4 17. Qb3 b5 18. Bd5 Nxd5 19. Nxd5 Bf6 20. Rd1 Bxd5 21. Rxd5 Rc1+ 22. Rd1 Rxd1+ 23. Kxd1 g6 24. Nh6+ Kg7 25. Ng4 Bd4 26. Qd5 Bxb2 27. Kc2 Bf6 28. Rd1 h5 29. Nxf6 Qxf6 30. Qxd6 Rc8+ 31. Kb1 Qg5 32. Qd2 Kg8 33. Rc1 Rd8 34. Qb2 Qe7 35. Ka1 h4 36. Kb1 Kh7 37. h3 Rd3 38. Rc8 Rd1+ 39. Rc1 Rxc1+ 40. Kxc1 Qc5+ 41. Kb1 Qg1+ 42. Kc2 Qxg2+ 43. Kb3 Qxf3+ 44. Kb4 Qxe4+ 45. Ka5 Qf5 46. Qf2 g5 0-1


[Site "https://www.chess.com"]

[Event "Titled Tuesday Blitz October 5 2021"]
[White "Sychev, Klementy"]
[Black "Goncalves, Ivan Mesquita V"]
[WhiteFideId "4114060"]
[BlackFideId "2114224"]
[WhiteElo "2615"]
[BlackElo "2299"]
[Result "1-0"]
[Round "11"]
[TimeControl "180+1"]
[Date "2021.10.05"]
[WhiteClock "0:00:04"]
[BlackClock "0:00:03"]

1. b3 c5 2. e4 e6 3. Bb2 a6 4. f4 b5 5. d4 cxd4 6. Nf3 Bb7 7. Qxd4 Nc6 8. Qe3 Nf6 9. Nc3 Qa5 10. a3 Rc8 11. b4 Qc7 12. Bd3 Nxb4 13. O-O-O Nxd3+ 14. Rxd3 b4 15. axb4 Bxb4 16. Qd4 Qa5 17. Rhd1 O-O 18. g4 Bc5 19. Qe5 Bb4 20. g5 Qxe5 21. Nxe5 Nxe4 22. Nxd7 Nf2 23. Nxf8 Nxd3+ 24. Rxd3 Kxf8 25. Na2 Be7 26. Rd7 Bd5 27. Nc3 Ke8 28. Ra7 Bc4 29. Kb1 Bc5 30. Rb7 Bd4 31. Ne4 Bd5 32. Nd6+ Kd8 33. Nxf7+ Ke8 34. Nd6+ Kd8 35. Bxd4 Bxb7 36. Nxb7+ Kc7 37. Nc5 Kc6 38. Nxa6 Kd5 39. Be5 Kc4 40. Nc7 Rd8 41. Kc1 Rd1+ 42. Kxd1 g6 43. Ke2 1-0


[Site "https://www.chess.com"]

[Event "Titled Tuesday Blitz October 5 2021"]
[White "Sydoryka, Vladyslav"]
[Black "Gaehwiler, Gabriel"]
[WhiteFideId "14145928"]
[BlackFideId "1314530"]
[WhiteElo "2282"]
[BlackElo "2320"]
[Result "0-1"]
[Round "11"]
[TimeControl "180+1"]
[Date "2021.10.05"]
[WhiteClock "0:00:19"]
[BlackClock "0:00:24"]

1. c4 g6 2. g3 Bg7 3. Bg2 Nf6 4. Nc3 O-O 5. d3 c5 6. Nf3 Nc6 7. O-O d6 8. Rb1 Rb8 9. a3 b6 10. b4 Bb7 11. e3 Rc8 12. Qe2 Qc7 13. Rd1 Rfe8 14. Bd2 Ne5 15. Nxe5 dxe5 16. bxc5 Bxg2 17. Kxg2 Qxc5 18. Rb5 Qc6+ 19. Qf3 Red8 20. Qxc6 Rxc6 21. Be1 e4 22. Nd5 Kf8 23. Bb4 Rd7 24. dxe4 Ke8 25. Nxf6+ Bxf6 26. Rxd7 Kxd7 27. e5 Bg7 28. c5 e6 29. cxb6 axb6 30. Bd6 f6 31. f4 fxe5 32. fxe5 Bh6 33. Kf3 Rc3 34. Rxb6 Bxe3 35. Kg4 Bxb6 0-1


[Site "https://www.chess.com"]

[Event "Titled Tuesday Blitz October 5 2021"]
[White "Tiarks, Jann-Christian"]
[Black "Estrada Nieto, Julian"]
[WhiteFideId "12951595"]
[BlackFideId "5101018"]
[WhiteElo "2176"]
[BlackElo "2270"]
[Result "1-0"]
[Round "11"]
[TimeControl "180+1"]
[Date "2021.10.05"]
[WhiteClock "0:00:55"]
[BlackClock "0:00:07"]

1. e4 e5 2. Nf3 Nc6 3. Bb5 a6 4. Ba4 Nf6 5. d3 d6 6. h3 g6 7. c3 Bg7 8. O-O O-O 9. Re1 Bd7 10. Nbd2 Qe8 11. Bc2 Nh5 12. Nf1 f5 13. d4 fxe4 14. Bxe4 Nf6 15. Bxc6 Bxc6 16. dxe5 Bxf3 17. Qxf3 dxe5 18. Qxb7 c6 19. Bg5 Nd5 20. c4 Rf7 21. Qb3 Rb8 22. Qa4 Nb4 23. Rad1 c5 24. Qxe8+ Rxe8 25. a3 Nc6 26. Ne3 Nd4 27. Nd5 Rb8 28. b4 Nc2 29. Re2 Nxa3 30. bxc5 Nxc4 31. Rc2 Na5 32. c6 Rc8 33. Ne7+ Rxe7 34. Bxe7 Rxc6 35. Rxc6 Nxc6 36. Bd6 Kf7 37. Rc1 Nd4 38. Rc7+ Ke6 39. Rxg7 Kxd6 40. Rxh7 Kc5 41. Rg7 a5 42. Rxg6 a4 43. Ra6 Kb5 44. Ra8 Nc6 45. h4 Na5 46. h5 a3 47. Rb8+ Kc4 48. Rb1 a2 49. Ra1 Kb3 50. h6 Nc6 51. h7 Nd4 52. Rxa2 Kxa2 53. h8=Q Kb3 54. Qxe5 Kc4 55. Qxd4+ Kxd4 56. g4 Ke4 57. Kg2 Kf4 58. f3 Kg5 59. Kg3 Kg6 60. f4 Kf6 61. f5 Kg5 62. Kf3 Kf6 63. Kf4 Kf7 64. g5 Kg7 65. Ke5 Kf7 66. Kd6 Ke8 67. g6 Kf8 68. Kd7 Kg7 69. Ke7 Kg8 70. f6 Kh8 71. f7 Kg7 72. f8=Q+ Kxg6 73. Qf7+ 1-0


[Site "https://www.chess.com"]